 Dungeon Sprint DCSS version 0.30-a0-722-g3e6e8c874d (webtiles) character file.

Game seed: 14110691995925237616

65 retardedninja the Ducker (level 3, -5/43 HPs)
             Began as a Demonspawn Gladiator on Jan 27, 2023.
             Shot with an arrow by a centaur (11 damage)
             ... in the Dungeon (Sprint IX: "|||||||||||||||||||||||||||||").
             The game lasted 00:00:17 (33 turns).

retardedninja the Ducker (Demonspawn Gladiator)       Turns: 33, Time: 00:00:17

Health: -5/43      AC:  4    Str: 16    XL:     3   Next: 92%
Magic:  3/3        EV: 13    Int:  9    God:
Gold:   0          SH:  0    Dex: 14    Spells: 2/2 levels left

rFire   . . .      SeeInvis .    a - +0 trident
rCold   . . .      Faith    .    (no shield)
rNeg    . . .      Spirit   .    b - +0 leather armour
rPois   .          Reflect  .    c - +0 helmet
rElec   .          Harm     .    (no cloak)
rCorr   .          Rampage  .    (no gloves)
Will    .....      NoTele   +    (no boots) Stlth
                                 (no amulet)
HPRegen 0.27/turn                (no ring)
MPRegen 0.08/turn                (no ring)

@: berserking, hasted, very quick
A: demonic guardian 2
a: no special abilities


You were in the Dungeon.
You visited 1 branch

Inventory:

Hand Weapons
 a - a +0 trident (weapon)
Missiles
 d - 3 throwing nets (quivered)
 e - a javelin
Armour
 b - a +0 leather armour (worn)
 c - a +0 helmet (worn)
Scrolls
 k - a scroll of blinking
Potions
 f - a potion of curing
 g - a potion of heal wounds
 i - 2 potions of magic


   Skills:
 + Level 3.3 Fighting
 + Level 4.9 Polearms
 + Level 2.7 Throwing
 + Level 0.7 Armour
 + Level 5.0 Dodging
 + Level 0.7 Stealth


You had 2 spell levels left.
You didn't know any spells.
Your spell library was empty.

Dungeon Overview and Level Annotations

Branches:
Dungeon (1/1)

Altars:


Innate Abilities, Weirdness & Mutations

A demonic guardian rushes to your aid.


Message History

A red film seems to cover your vision as you go berserk!
You feel yourself moving faster!
You feel mighty! The jelly hits you but does no damage.
You puncture the jelly!
Your hands burn!
* * * LOW HITPOINT WARNING * * *
The jelly is severely wounded.
You puncture the jelly!
You kill the jelly!
Your Fighting skill increases to level 3!
Your Polearms skill increases to level 4!
Your Dodging skill increases to level 4!
You have reached level 2!
Your demonic ancestry asserts itself...
You feel the presence of a demonic guardian.
You have reached level 3!
Your experience leads to an increase in your attributes!
Increase (S)trength, (I)ntelligence, or (D)exterity?
You feel stronger. x2; Your demonic ancestry asserts itself...
Your guardian grows in power.
You completely miss the iguana. The iguana closely misses you.
You hit the iguana.
The iguana is moderately wounded.
You puncture the iguana!
You kill the iguana!
Your Dodging skill increases to level 5!
You puncture the scorpion!
The scorpion is heavily wounded.
You puncture the scorpion!
The scorpion is almost dead.
The scorpion stings you.
* * * LOW HITPOINT WARNING * * *
A demonic guardian appears!
You completely miss the scorpion.
The scorpion is almost dead.
The scorpion misses you.
You puncture the scorpion!
You kill the scorpion!
The centaur wields a +0 shortbow.
The centaur shoots an arrow.
The arrow hits you!
You die...

▓+▓
▓.▓
▓.▓
▓.▓
▓.▓
▓o▓
▓c▓
▓.▓
▓@▓
▓.▓
▓4▓
▓†▓
▓'▓
▓.▓
▓.▓
▓.▓
▓<▓


You could see a centaur, an orc and a friendly orange demon (summoned).

Vanquished Creatures
  A scorpion (D)
  A jelly (D)
  An iguana (D)
  A ball python (D)
  A bat (D)
  A hobgoblin (D)
  A quokka (D)
  A frilled lizard (D)
8 creatures vanquished.

Notes
Turn   | Place    | Note
-------+----------+-------------------------------------------
     0 | D        | retardedninja the Demonspawn Gladiator began the quest for
                  | the Orb.
     0 | D        | Reached XP level 1. HP: 16/16 MP: 1/1
     7 | D        | Reached skill level 3 in Dodging
    21 | D        | Noticed a centaur
    21 | D        | Noticed a scorpion
    21 | D        | Noticed an iguana
    21 | D        | Noticed a jelly
    26 | D        | Killed a jelly
    27 | D        | Reached skill level 4 in Dodging
    27 | D        | Gained mutation: A weak demonic guardian rushes to your
                  | aid. [demonic ancestry]
    27 | D        | Reached XP level 2. HP: 7/24 MP: 2/2
    27 | D        | Gained mutation: A demonic guardian rushes to your aid.
                  | [demonic ancestry]
    27 | D        | Reached XP level 3. HP: 9/29 MP: 3/3
    30 | D        | Reached skill level 5 in Dodging
    33 | D        | Killed a scorpion
    33 | D        | Shot with an arrow by a centaur

Illustrated notes

Levels and vault maps discovered:
D:        linesprint [early_d, line_temple, items_1, d_10, items_2, lair_1,
          lair_end, items_3, orc_1, orc_end, items_4, d_15, swamp_1, shoals_1,
          snake_1, spider_1, d_20, vaults_1, items_5, swamp_end, shoals_end,
          snake_end, spider_end, vaults_end, d_27, items_6, zot_1, zot_end,
          crypt_end, forest_end, elf_end, slime_end, tomb_end, abyss_end,
          pan_hell_end]

Skill      XL: |  1  2  3 |
---------------+----------+-----
Polearms       | 4 |  4.9
Dodging        | 4 5 |  5.0
Throwing       | 2 |  2.7
Fighting       | 3 |  3.3
Armour         | |  0.7
Stealth        | |  0.7

Action                     || total
---------------------------++-------
  Melee: Trident           ||    20
    Use: Potion            ||     2
   Stab: Sleeping          ||     1
 Armour: Leather armour    ||     1
  Dodge: Dodged            ||    11

Table legend: (Time is in decaauts)
 A = Elapsed time spent in this place.
 B = Non-inter-level travel time spent in this place.
 C = Inter-level travel time spent in this place.
 D = Time resting spent in this place.
 E = Time spent auto-exploring this place.
 F = Levels seen in this place.
 G = Mean time per level.
                   A        B        C        D        E       F      G
               +--------+--------+--------+--------+--------+-----+--------+
         Total |     31 |     31 |      0 |      0 |      0 |   1 |   31.0 |
       Dungeon |     31 |     31 |      0 |      0 |      0 |   1 |   31.0 |
               +--------+--------+--------+--------+--------+-----+--------+

Top non-repeatable levels by time:
       D: 31 daAuts
